[Event "Team 45 45 League T35"]
[Site "Internet Chess Club"]
[Date "2007.10.28"]
[Round "2"]
[White "BaroneRosso"]
[Black "izit"]
[Result "0-1"]
[WhiteElo "1990"]
[BlackElo "2158"]
[Opening "King's Indian: 4.e4"]
[ECO "E90"]
[Time "14:04:43"]
[TimeControl "2700+45"]

1. d4 Nf6 2. c4 g6 3. Nc3 Bg7 4. e4 O-O 5. Nf3 d6 6. h3 e5 7. d5 Na6 8. Bg5 Qe8
9. g4 Kh8 10. Nd2 Ng8 11. h4 f6 12. Be3 f5 13. gxf5 gxf5 14. exf5 Bxf5 15. Nde4
Nh6 16. Bh3 Bxe4 17. Nxe4 Qg6 18. Ng5 Nb4 19. h5 Nc2+ 20. Kd2 Nxe3 21. hxg6 Nxd1
22. Kxd1 Rf6 23. gxh7 Rxf2 24. Rb1 Raf8 25. Ne6 R8f3 26. a4 e4 27. Ng5 Rd3+ 28.
Ke1 e3 29. Bf1 Rdd2 30. Rh3 Ng4 31. Rh4 Bxb2 32. Rxg4 Bc3 33. Nf7+ Kxh7 34. Ng5+
Kh6 35. Nf7+ Kh5 36. Rg5+ Kh4 {White resigns} 0-1

[Event "Team 45 45 League T35"]
[Site "Internet Chess Club"]
[Date "2007.10.25"]
[Round "2"]
[White "Beetlejuice"]
[Black "Qui"]
[Result "1-0"]
[WhiteElo "1907"]
[BlackElo "2055"]
[Opening "Queen's pawn game"]
[ECO "D02"]
[Time "14:01:39"]
[TimeControl "2700+45"]

1. d4 d5 2. Nf3 g6 3. c4 c6 4. Qc2 Bf5 5. Qb3 Qb6 6. c5 Qxb3 7. axb3 Na6 8. Bd2
Nf6 9. Na3 Ne4 10. Bc3 Bg7 11. e3 Naxc5 12. b4 Nd7 13. Nd2 O-O 14. b5 c5 15.
Nxe4 Bxe4 16. dxc5 Nxc5 17. Bxg7 Kxg7 18. Rd1 Rfd8 19. f3 Bf5 20. g4 Be6 21. Nb1
f6 22. Nc3 Nb3 23. Ne2 Bf7 24. Nd4 Na5 25. Kf2 e5 26. Ne2 Nc4 27. b3 Na3 28. Nc1
Be8 29. Nd3 Rac8 30. Nb4 d4 31. Ra1 Nc2 32. Nxc2 Rxc2+ 33. Kg3 dxe3 34. Bc4 Ra8
35. Rhe1 Rc3 36. Rad1 f5 37. gxf5 gxf5 38. f4 e4 39. Rd5 Kg6 40. Rd6+ Kh5 41.
Be2# {Black checkmated} 1-0

[Event "Team 45 45 League T35"]
[Site "Internet Chess Club"]
[Date "2007.10.26"]
[Round "2"]
[White "smitty120"]
[Black "camembert"]
[Result "1-0"]
[WhiteElo "1968"]
[BlackElo "1876"]
[Opening "Giuoco Piano"]
[ECO "C54"]
[Time "13:06:27"]
[TimeControl "2700+45"]

1. e4 e5 2. Nf3 Nc6 3. Bc4 Bc5 4. c3 Nf6 5. d4 exd4 6. cxd4 Bb4+ 7. Bd2 Bxd2+ 8.
Nbxd2 d5 9. exd5 Nxd5 10. h3 Nf4 11. O-O O-O 12. Re1 Nxd4 13. Nxd4 Qxd4 14. Re4
Qd6 15. Nf3 Qxd1+ 16. Rxd1 Ne6 17. Ne5 Ng5 18. Re3 Be6 19. Be2 f6 20. Nc4 Rfe8
21. h4 Nf7 22. Rc3 Rac8 23. a3 Kf8 24. Na5 Nd6 25. Bf3 b6 26. Nc6 Nb5 27. Rcc1
a5 28. Be2 Nd6 29. Na7 Rcd8 30. Rxc7 Bb3 31. Rd3 a4 32. Nc6 Rc8 33. Rxc8 Nxc8
34. Bg4 Be6 35. Bd1 Bc4 36. Rd2 b5 37. Na5 Nb6 38. Bf3 Re6 39. Nc6 Bb3 40. Rd8+
Kf7 41. Rb8 Re1+ 42. Kh2 Nc4 43. Bd5+ Kg6 44. h5+ Kxh5 45. Rxb5 Kg6 46. Bxc4
Bxc4 47. Rb4 Bb3 48. Nd4 Rb1 49. Nxb3 Rxb2 50. Nd4 Rxb4 51. axb4 Kf7 52. b5 Ke7
53. b6 Kd7 54. Kg3 a3 55. b7 a2 56. b8=Q a1=Q 57. Qb5+ Ke7 58. Qc5+ Kf7 59. Qc4+
Kg6 60. Qd3+ Kf7 61. Nf3 Qa4 62. Qd5+ Kf8 63. Qd8+ Kf7 64. Qc7+ Kf8 65. Qd6+ Kf7
66. Nd4 g6 67. Qc7+ Kg8 68. Qd8+ Kf7 69. Qd5+ Kg7 70. Ne6+ Kh6 71. Qd4 Qb3+ 72.
Qe3+ Qxe3+ 73. fxe3 g5 74. Kg4 Kg6 75. Nf8+ Kg7 76. Kf5 h5 77. Ne6+ Kh6 78. Kxf6
h4 79. Nxg5 {Black resigns} 1-0

[Event "Team 45 45 League T35"]
[Site "Internet Chess Club"]
[Date "2007.10.27"]
[Round "2"]
[White "charles-allen"]
[Black "Lazerpawn"]
[Result "1/2-1/2"]
[WhiteElo "1757"]
[BlackElo "1679"]
[Opening "French: exchange variation"]
[ECO "C01"]
[Time "08:05:52"]
[TimeControl "2700+45"]

1. e4 e6 2. d4 d5 3. exd5 exd5 4. c4 Nf6 5. Nc3 Bb4 6. a3 Be7 7. Bd3 O-O 8. Nge2
dxc4 9. Bxc4 Nbd7 10. O-O Nb6 11. Ba2 c6 12. Re1 Bf5 13. Ng3 Bg6 14. Bb1 Bxb1
15. Rxb1 Qd7 16. Nge4 Rad8 17. Be3 Rfe8 18. Nc5 Qc7 19. Qf3 Nbd5 20. Bg5 h6 21.
Bh4 b6 22. Nd3 Rc8 23. Bg3 Qd8 24. Ne5 Bd6 25. Re2 Qc7 26. Rbe1 Re7 27. Bh4 Re6
28. Ne4 Bxe5 29. dxe5 Nd7 30. Bg3 Rce8 31. Nd6 Rf8 32. Nf5 Qd8 33. Nd4 Rg6 34.
h4 Nb8 35. h5 Rxg3 36. Qxg3 c5 37. Nb5 Nc6 38. e6 Qf6 39. Qd6 Nf4 40. Re3 fxe6
41. Qxc6 Qxb2 42. Rf3 Nh3+ 43. gxh3 Rxf3 44. Qxf3 Qxb5 45. Rxe6 c4 46. Re7 Qg5+
47. Kf1 Qxe7 48. Qd5+ Qf7 49. Qa8+ Qf8 50. Qd5+ Qf7 51. Qa8+ Kh7 52. Qe4+ Kh8
53. Qa8+ Qg8 54. Qxa7 b5 55. Qc5 Qe8 56. Kg2 Qd7 57. Qf8+ Kh7 58. Qf4 c3 59.
Qe4+ Kg8 60. Qa8+ Kf7 61. Qf3+ Kg8 62. Qxc3 Qd5+ 63. Qf3 Qg5+ 64. Qg3 Qxh5 65.
Qd3 Qg5+ 66. Qg3 Qd5+ 67. Qf3 Qg5+ 68. Qg3 Qd5+ 69. Qf3 Qc4 70. Qf5 Qc6+ 71. Kg3
Qc3+ 72. f3 Qxa3 73. Qxb5 {Game drawn by mutual agreement} 1/2-1/2

[Event "Team 45 45 League T35"]
[Site "Internet Chess Club"]
[Date "2007.10.29"]
[Round "2"]
[White "GolfSuper"]
[Black "GrandPoobah069"]
[Result "0-1"]
[WhiteElo "1672"]
[BlackElo "1714"]
[Opening "Sicilian: Najdorf, Byrne (English) attack"]
[ECO "B90"]
[Time "19:00:01"]
[TimeControl "2700+45"]

1. e4 c5 2. Nf3 d6 3. d4 cxd4 4. Nxd4 Nf6 5. Nc3 a6 6. Be3 e5 7. Nb3 Be6 8. f3
Be7 9. Qd2 O-O 10. O-O-O Nbd7 11. Kb1 Qc7 12. g4 b5 13. g5 Nh5 14. Nd5 Bxd5 15.
exd5 g6 16. Na5 Nb8 17. Rg1 Bd8 18. Nb3 Nd7 19. h4 Be7 20. Be2 Rfc8 21. f4 Nxf4
22. Bxf4 exf4 23. h5 Bf8 24. hxg6 fxg6 25. Nd4 Ne5 26. Ne6 Nc4 27. Bxc4 Qxc4 28.
Nxf4 Bg7 29. Ne6 Be5 30. Rgf1 a5 31. Qf2 Qb4 32. Nd4 Qc4 33. Nc6 Rf8 34. Qg2
Rxf1 35. Qxf1 Qxf1 36. Rxf1 Bg7 37. Re1 a4 38. b3 axb3 39. cxb3 Rf8 40. Rg1 Bc3
41. Rg2 b4 42. Kc2 Rf3 {White forfeits on time} 0-1

[Event "Team 45 45 League T35"]
[Site "Internet Chess Club"]
[Date "2007.10.28"]
[Round "2"]
[White "John3v16"]
[Black "Boromir"]
[Result "0-1"]
[WhiteElo "1913"]
[BlackElo "2007"]
[Opening "Caro-Kann: advance variation"]
[ECO "B12"]
[Time "04:59:30"]
[TimeControl "2700+45"]

1. e4 c6 2. d4 d5 3. e5 c5 4. dxc5 e6 5. Bd3 Bxc5 6. Nf3 Nc6 7. c3 Nge7 8. b4
Bb6 9. Bf4 Ng6 10. Bg3 Bc7 11. Qe2 O-O 12. h4 h6 13. h5 Nge7 14. Na3 f6 15. Nb5
Bxe5 16. Nxe5 Nxe5 17. Bxe5 fxe5 18. Qxe5 Nc6 19. Qg3 Rf6 20. Nd4 e5 21. Nxc6
bxc6 22. O-O Bf5 23. Bxf5 Rxf5 24. f4 e4 25. Qh3 Qf6 26. g3 Rf8 27. g4 Rxf4 28.
Rxf4 Qxf4 29. Rf1 Qxf1+ 30. Qxf1 Rxf1+ 31. Kxf1 Kf7 32. Kf2 Kf6 33. Kg3 Ke5 34.
a3 a6 35. a4 d4 36. c4 d3 37. Kf2 Kd4 38. b5 cxb5 39. cxb5 axb5 40. a5 Kc5
{White resigns} 0-1

[Event "Team 45 45 League T35"]
[Site "Internet Chess Club"]
[Date "2007.10.26"]
[Round "2"]
[White "ivanson"]
[Black "hewdondada"]
[Result "1-0"]
[WhiteElo "1878"]
[BlackElo "1794"]
[Opening "Scandinavian defense, Lasker variation"]
[ECO "B01"]
[Time "20:01:30"]
[TimeControl "2700+45"]

1. e4 d5 2. exd5 Qxd5 3. Nc3 Qa5 4. d4 Nf6 5. Nf3 Bg4 6. h3 Bh5 7. g4 Bg6 8. Ne5
Be4 9. f3 Bd5 10. Bd2 Nbd7 11. Nxd5 Qxd5 12. Bc4 Qxd4 13. Bxf7+ Kd8 14. Bc3 Qd6
15. Qe2 Kc8 16. Rd1 Qb6 17. Nxd7 Nxd7 18. Be6 {Black resigns} 1-0

[Event "Team 45 45 League T35"]
[Site "Internet Chess Club"]
[Date "2007.10.28"]
[Round "2"]
[White "ExpertLevel"]
[Black "JeCrainsDegun"]
[Result "1-0"]
[WhiteElo "1791"]
[BlackElo "1716"]
[Opening "Ruy Lopez: exchange variation"]
[ECO "C68"]
[Time "15:04:30"]
[TimeControl "2700+45"]

1. e4 e5 2. Nf3 Nc6 3. Bb5 a6 4. Bxc6 dxc6 5. d4 exd4 6. Qxd4 Qxd4 7. Nxd4 c5 8.
Ne2 Bd7 9. Nbc3 f6 10. Bf4 O-O-O 11. Nd5 Bd6 12. Bxd6 cxd6 13. O-O-O Be6 14.
Nec3 Kd7 15. f4 Ne7 16. Rd2 Nxd5 17. Nxd5 Bxd5 18. Rxd5 Kc6 19. Kd2 Rd7 20. Ke3
Re8 21. Rhd1 Rde7 22. Rxd6+ Kc7 23. R1d2 Rxe4+ 24. Kf3 R4e7 25. g3 Rf8 26. h3
Rff7 27. R2d5 b6 28. g4 Rd7 29. Rxd7+ Rxd7 30. Rxd7+ Kxd7 31. h4 Ke6 32. Ke4 h6
33. h5 b5 34. a3 a5 35. b3 b4 36. a4 Kd6 37. Kf5 Ke7 38. Kg6 Kf8 39. g5 hxg5 40.
fxg5 fxg5 41. Kxg5 Kg8 42. Kg6 Kh8 43. h6 {Black resigns} 1-0

[Event "Team 45 45 League T35"]
[Site "Internet Chess Club"]
[Date "2007.10.27"]
[Round "2"]
[White "nanning"]
[Black "RD1974"]
[Result "0-1"]
[WhiteElo "1549"]
[BlackElo "1618"]
[Opening "Catalan opening"]
[ECO "E00"]
[Time "14:02:29"]
[TimeControl "2700+45"]

1. d4 Nf6 2. c4 e6 3. g3 c5 4. d5 exd5 5. cxd5 d6 6. Bg2 g6 7. Bf4 Qe7 8. Nc3 a6
9. Qd2 Bf5 10. Nf3 Nbd7 11. Nh4 Be4 12. O-O Bxg2 13. Nxg2 Bg7 14. Rab1 O-O 15.
b4 cxb4 16. Rxb4 Nc5 17. Rb6 Rfd8 18. a4 Ng4 19. f3 Ne5 20. a5 Nc4 21. Qc2 Nxb6
22. axb6 Rac8 23. Na4 Nxa4 24. Qxa4 Qxe2 25. Re1 Qxf3 {White resigns} 0-1

[Event "Team 45 45 League T35"]
[Site "Internet Chess Club"]
[Date "2007.10.29"]
[Round "2"]
[White "valipop"]
[Black "ChessYogi"]
[Result "1-0"]
[WhiteElo "2117"]
[BlackElo "2030"]
[Opening "Sicilian: Alapin's variation (2.c3)"]
[ECO "B22"]
[Time "10:15:59"]
[TimeControl "2700+45"]

1. e4 c5 2. c3 d5 3. exd5 Qxd5 4. d4 cxd4 5. Nf3 Nc6 6. Be2 e5 7. cxd4 exd4 8.
O-O Nf6 9. Re1 Be7 10. Na3 O-O 11. Nb5 Qd8 12. Nbxd4 Bd7 13. a3 Rc8 14. b4 Bg4
15. Bb2 Re8 16. Qb3 Nxd4 17. Nxd4 Bxe2 18. Rxe2 Qd7 19. Qf3 Bd6 20. Rd1 Rxe2 21.
Qxe2 Re8 22. Qf3 Ng4 23. g3 Ne5 24. Qd5 Qh3 25. Qxd6 Nc4 26. Qd5 Nxb2 27. Rb1
Rc8 28. Nf5 Re8 29. Qd7 Kf8 30. Qd6+ Kg8 31. Ne7+ Kf8 32. Re1 Ra8 33. Nc8+
{Black resigns} 1-0

[Event "Team 45 45 League T35"]
[Site "Internet Chess Club"]
[Date "2007.10.27"]
[Round "2"]
[White "OrangeKing"]
[Black "Terte"]
[Result "0-1"]
[WhiteElo "1757"]
[BlackElo "2146"]
[Opening "Réti: King's Indian attack (Barcza system)"]
[ECO "A07"]
[Time "12:22:15"]
[TimeControl "2700+45"]

1. Nf3 d5 2. g3 e6 3. Bg2 f5 4. d4 Nf6 5. O-O Bd6 6. Bg5 O-O 7. Nbd2 Nbd7 8. c4
c6 9. c5 Bc7 10. b4 Qe8 11. Bxf6 Rxf6 12. Ne1 g5 13. e3 e5 14. Nd3 e4 15. Nc1
Rh6 16. a4 Nf6 17. Re1 f4 18. exf4 gxf4 19. Nf3 Qh5 20. Nh4 f3 21. Bf1 Qg4 22.
Ra3 Rxh4 23. Bg2 Rh6 24. Bxf3 Qh3 25. Bg2 Qxh2+ 26. Kf1 Bg4 27. Qd2 Qh5 28. f3
exf3 29. Bxf3 Bxf3 {White resigns} 0-1

[Event "Team 45 45 League T35"]
[Site "Internet Chess Club"]
[Date "2007.10.29"]
[Round "2"]
[White "andreip"]
[Black "Bedouksofhazzar"]
[Result "1-0"]
[WhiteElo "2060"]
[BlackElo "1749"]
[Opening "Sicilian: O'Kelly variation"]
[ECO "B28"]
[Time "21:04:21"]
[TimeControl "2700+45"]

1. e4 c5 2. Nf3 a6 3. d4 cxd4 4. Nxd4 Nf6 5. Nc3 e5 6. Nb3 Bb4 7. Bd2 d6 8. f3
Be6 9. Bd3 d5 10. exd5 Nxd5 11. Nxd5 Bxd2+ 12. Qxd2 Bxd5 13. O-O O-O 14. Rad1
Qb6+ 15. Kh1 Be6 16. c4 Nc6 17. Qc3 Rac8 18. a3 Rfe8 19. Nd2 f5 20. c5 Qc7 21.
Nc4 Rcd8 22. Rfe1 e4 23. fxe4 fxe4 24. Bxe4 Rxd1 25. Rxd1 Bg4 26. Bf3 Bxf3 27.
Qxf3 Qd7 28. Nd6 Re5 29. Qb3+ Qe6 30. Qxe6+ Rxe6 31. Nxb7 Nd4 32. h3 Nb3 33. Rd3
Nc1 34. Rd6 Re1+ 35. Kh2 Ne2 36. Rxa6 h5 37. Re6 Kf7 38. Re3 h4 39. c6 Rc1 40.
Nd8+ Kf6 41. Rxe2 Kf5 42. b4 g5 43. b5 g4 44. hxg4+ Kxg4 45. b6 h3 46. gxh3+ Kf3
47. Rg2 Rc3 48. b7 Rc5 49. b8=Q Re5 50. Qb3+ Re3 51. Qxe3+ Kxe3 52. c7 Ke4 53.
c8=Q Kf3 54. Qf5+ Ke3 {Black resigns} 1-0

[Event "Team 45 45 League T35"]
[Site "Internet Chess Club"]
[Date "2007.10.29"]
[Round "2"]
[White "PrincessChess"]
[Black "viking99"]
[Result "1-0"]
[WhiteElo "1808"]
[BlackElo "1870"]
[Opening "French: Winawer, advance variation"]
[ECO "C16"]
[Time "20:01:04"]
[TimeControl "2700+45"]

1. e4 e6 2. d4 d5 3. Nc3 Bb4 4. e5 Ne7 5. f4 c5 6. Nf3 Nbc6 7. a3 cxd4 8. axb4
dxc3 9. bxc3 O-O 10. Bd3 Qb6 11. Ng5 h6 12. Nf3 f5 13. exf6 Rxf6 14. b5 Nd8 15.
Ne5 Nf7 16. Ng4 e5 17. Nxf6+ gxf6 18. Qf3 e4 19. Qg3+ Kf8 20. Be2 Nf5 21. Ba3+
N5d6 22. c4 Bf5 23. Qc3 d4 24. Qb4 a5 25. bxa6 Qxb4+ 26. Bxb4 d3 27. cxd3 exd3
28. Bf3 Kg7 29. c5 Ne4 30. O-O bxa6 31. Rfe1 Re8 32. Rxa6 Nxc5 33. Rxe8 Nxa6 34.
Bd2 Nc5 35. Kf2 Nb3 36. Ke3 Nd6 37. Re7+ Kf8 38. Rc7 Nxd2 39. Kxd2 Nb5 40. Rc5
Nd4 41. Ke3 Nc2+ 42. Kd2 Nd4 43. Bd1 Bg6 44. g4 Ke7 45. f5 Be8 46. Kxd3 Nc6 47.
Ke3 Kd6 48. Rc4 Ne5 49. Rc8 Ke7 50. Rc7+ Bd7 51. Be2 Kd6 52. Ra7 Nc6 53. Rb7 Ne5
54. Kf4 Nf7 55. h4 Ke7 56. Bb5 Ne5 57. g5 hxg5+ 58. hxg5 Kd6 59. Bxd7 fxg5+ 60.
Kxg5 Nxd7 61. Rxd7+ Kxd7 62. Kf6 Ke8 63. Kg7 Ke7 64. f6+ {Black resigns} 1-0

[Event "Team 45 45 League T35"]
[Site "Internet Chess Club"]
[Date "2007.10.27"]
[Round "2"]
[White "fledermaus"]
[Black "eurander"]
[Result "0-1"]
[WhiteElo "1992"]
[BlackElo "2123"]
[Opening "QGD Slav: Tolush-Geller gambit"]
[ECO "D15"]
[Time "05:02:25"]
[TimeControl "2700+45"]

1. d4 d5 2. c4 c6 3. Nf3 Nf6 4. Nc3 dxc4 5. e4 b5 6. e5 Nd5 7. a4 e6 8. axb5
Nxc3 9. bxc3 cxb5 10. Ng5 Bb7 11. Qh5 g6 12. Qg4 Be7 13. Be2 Bd5 14. Bf3 Nc6 15.
Bxd5 Qxd5 16. O-O a5 17. Ne4 h5 18. Qf4 Kf8 19. Nf6 Bxf6 20. Qxf6 Kg8 21. Re1 b4
22. cxb4 Nxb4 23. Rd1 Nd3 24. Be3 h4 25. h3 Rh5 26. Qe7 Nb4 27. Rdc1 Nc6 28. Qb7
Ra7 29. Qc8+ Kg7 30. Ra4 Rh8 31. Qxh8+ Kxh8 32. Raxc4 Ra6 33. Bg5 f5 34. f3 Rb6
35. Bxh4 Kg7 36. Bf6+ Kf7 37. Kh1 Qd7 38. f4 Ra6 39. Rc5 a4 40. d5 exd5 41. Re1
Ke6 42. Rb1 a3 {White resigns} 0-1

[Event "Team 45 45 League T35"]
[Site "Internet Chess Club"]
[Date "2007.10.28"]
[Round "2"]
[White "livis"]
[Black "Flying-Tiger"]
[Result "0-1"]
[WhiteElo "1986"]
[BlackElo "1985"]
[Opening "Sicilian: Smith-Morra gambit"]
[ECO "B21"]
[Time "18:09:16"]
[TimeControl "2700+45"]

1. e4 c5 2. d4 cxd4 3. Bd3 d5 4. e5 Nc6 5. f4 Nh6 6. Nf3 Bg4 7. h3 Bf5 8. O-O
Bxd3 9. cxd3 Nf5 10. a3 Qb6 11. Kh2 e6 12. b4 Be7 13. Qe2 a5 14. bxa5 Nxa5 15.
Nbd2 Ne3 16. Rg1 O-O 17. Nf1 Nb3 18. Rb1 Nxc1 19. Rxc1 Rxa3 20. Nxe3 dxe3 21.
Rb1 Qa7 22. d4 Rc8 23. Rb2 Ra8 24. Rgb1 Ra2 25. Qxe3 Rxb2 26. Rxb2 b6 27. Qb3
Rb8 28. f5 b5 29. Ra2 Qb6 30. h4 b4 31. h5 exf5 32. Qxd5 Qh6 33. Qd7 Qxh5+ 34.
Kg1 b3 35. Rb2 Qh6 36. Qc7 Bf8 37. d5 Qe3+ 38. Kh1 Ra8 39. Kh2 Qf4+ 40. Kg1 Ra1+
41. Kf2 Ra2 42. Qc3 Bc5+ 43. Ke2 Qe4+ 44. Kd2 Bb4 {White resigns} 0-1

[Event "Team 45 45 League T35"]
[Site "Internet Chess Club"]
[Date "2007.10.27"]
[Round "2"]
[White "LennyH"]
[Black "Morpheous"]
[Result "1-0"]
[WhiteElo "1905"]
[BlackElo "1947"]
[Opening "Ruy Lopez: open, 7.Bb3"]
[ECO "C80"]
[Time "21:01:00"]
[TimeControl "2700+45"]

1. e4 e5 2. Nf3 Nc6 3. Bb5 a6 4. Ba4 Nf6 5. O-O b5 6. Bb3 Nxe4 7. d4 exd4 8. Re1
f5 9. Nxd4 Bc5 10. c3 Qh4 11. g3 Qh3 12. f3 Bb7 13. fxe4 O-O-O 14. Bd5 Rde8 15.
Be3 Nxd4 16. Bxb7+ Kxb7 17. Bxd4 Bxd4+ 18. Qxd4 f4 19. Qf2 g5 20. Qg2 Qh5 21.
Nd2 Rhf8 22. g4 Qf7 23. Nf3 Qe7 24. Rad1 h6 25. Rd5 c6 26. Re5 Qd6 27. Rxe8 Rxe8
28. h3 c5 29. Qd2 Qxd2 30. Nxd2 Kc6 31. Nf3 a5 32. e5 b4 33. c4 Re6 34. Rd1 a4
35. Rd5 Rg6 36. Kf2 Re6 37. Ke2 d6 38. Rxd6+ Rxd6 39. exd6 Kxd6 40. Kd3 Kd7 41.
Ke4 Ke6 42. Ne1 b3 43. a3 Ke7 44. Kd5 Kf6 45. Nf3 h5 46. Kxc5 hxg4 47. hxg4 Ke6
48. Kb5 {Black resigns} 1-0

[Event "Team 45 45 League T35"]
[Site "Internet Chess Club"]
[Date "2007.10.28"]
[Round "2"]
[White "rubo"]
[Black "Wheels"]
[Result "1/2-1/2"]
[WhiteElo "1716"]
[BlackElo "1868"]
[Opening "Bird's opening"]
[ECO "A02"]
[Time "20:59:56"]
[TimeControl "2700+45"]

1. f4 g6 2. e4 Bg7 3. e5 c5 4. Nf3 Nc6 5. b3 d6 6. Bb2 Bg4 7. Bb5 Nh6 8. O-O O-O
9. Bxc6 bxc6 10. h3 Bc8 11. d3 Qb6 12. Kh2 Nf5 13. Qc1 Be6 14. Re1 d5 15. g4 Nh6
16. d4 cxd4 17. Bxd4 c5 18. Bb2 d4 19. c4 Bd7 20. Nbd2 Bc6 21. Qc2 Rfd8 22. Qd3
f6 23. exf6 exf6 24. Re2 Qc7 25. Rae1 Qxf4+ 26. Kg2 Nf7 27. Re6 Rac8 28. Bc1 Ng5
29. Ne4 {Game drawn by mutual agreement} 1/2-1/2

[Event "Team 45 45 League T35"]
[Site "Internet Chess Club"]
[Date "2007.10.27"]
[Round "2"]
[White "parrot9"]
[Black "BHogan"]
[Result "0-1"]
[WhiteElo "1670"]
[BlackElo "1625"]
[Opening "French: exchange variation"]
[ECO "C01"]
[Time "10:06:53"]
[TimeControl "2700+45"]

1. e4 e6 2. d4 d5 3. exd5 exd5 4. Nf3 Bg4 5. Be2 Nc6 6. O-O Bd6 7. h3 Bh5 8. Re1
Nge7 9. Ne5 Bxe2 10. Rxe2 Bxe5 11. dxe5 Ng6 12. e6 O-O 13. exf7+ Rxf7 14. Nc3 d4
15. Ne4 h6 16. Qd3 Nce7 17. Bd2 Qd5 18. Rae1 Raf8 19. Qg3 Qc6 20. c3 Nf5 21. Qd3
Rd8 22. cxd4 Nxd4 23. Kf1 Ne5 24. Qg3 Nxe2 25. Rxe2 Re8 26. Bxh6 Qxh6 27. Nc5 b6
28. Nd3 Rfe7 29. Rxe5 Rxe5 30. Nxe5 Qc1+ 31. Ke2 Qc2+ 32. Kf3 Qd1+ 33. Ke4 Qc2+
34. Kf3 Qd1+ 35. Ke4 Qe2+ 36. Kf5 Qc2+ 37. Nd3 Rf8+ 38. Ke4 Re8+ 39. Kf5 Rd8 40.
Ke4 Qc4+ 41. Ke5 Qxd3 42. Qg6 Qd5+ 43. Kf4 Qd6+ 44. Qxd6 Rxd6 45. Ke3 c5 46. f4
a5 47. g4 Rh6 {White resigns} 0-1

[Event "Team 45 45 League T35"]
[Site "Internet Chess Club"]
[Date "2007.10.30"]
[Round "2"]
[White "nanning"]
[Black "OldBoy"]
[Result "1/2-1/2"]
[WhiteElo "1519"]
[BlackElo "1551"]
[Opening "Ruy Lopez: old Steinitz defense, Nimzovich attack"]
[ECO "C62"]
[Time "13:51:56"]
[TimeControl "2700+45"]

1. e4 e5 2. Nf3 Nc6 3. Bb5 d6 4. d4 Bd7 5. Nc3 Nf6 6. Bxc6 Bxc6 7. Qd3 Qe7 8. d5
Bd7 9. Nb5 Qd8 10. Be3 a6 11. Nc3 Be7 12. h3 O-O 13. O-O c5 14. dxc6 Bxc6 15.
Rfe1 Qc7 16. Bg5 Rad8 17. Bxf6 Bxf6 18. Nd5 Bxd5 19. Qxd5 Qc6 20. Rad1 Qxd5 21.
Rxd5 Be7 22. c4 Rc8 23. b3 f6 24. Red1 Rfd8 25. R1d3 Rc5 26. Nd2 Kf7 27. g4 Rxd5
28. Rxd5 Rc8 29. Kg2 Ke6 30. Kg3 Rc5 31. Rd3 b5 32. b4 bxc4 33. bxc5 cxd3 34. c6
Bd8 35. Kf3 d5 36. exd5+ Kxd5 37. Ke3 Kxc6 38. Kxd3 Kd5 39. f3 g6 40. Ne4 f5 41.
gxf5 gxf5 42. Ng3 Ke6 43. Ne2 Kf6 44. Kc4 e4 45. fxe4 fxe4 46. Kd4 Kf5 47. Ng3+
Kf4 48. Nxe4 Bb6+ 49. Kd3 h5 50. a4 a5 51. Nf6 Kg5 52. Nd5 Bd8 53. Ke3 Kh4 54.
Kf3 Kxh3 55. Nf4+ Kh4 56. Kg2 Kg4 57. Ne2 h4 58. Nd4 h3+ 59. Kh1 Bb6 60. Nb3 Kg3
61. Nxa5 Bxa5 62. Kg1 h2+ 63. Kh1 Bb6 64. a5 Ba7 65. a6 {Game drawn by mutual
agreement} 1/2-1/2

[Event "Team 45 45 League T35"]
[Site "Internet Chess Club"]
[Date "2007.10.29"]
[Round "2"]
[White "Russellovich"]
[Black "Lionskins"]
[Result "0-1"]
[WhiteElo "1644"]
[BlackElo "1593"]
[Opening "Sicilian: Taimanov variation"]
[ECO "B46"]
[Time "12:02:19"]
[TimeControl "2700+45"]

1. e4 c5 2. Nf3 Nc6 3. d4 cxd4 4. Nxd4 a6 5. Nc3 e6 6. Bc4 Nf6 7. Bb3 Na5 8. e5
Nxb3 9. Nxb3 Ng8 10. Ne4 Qc7 11. Nd6+ Bxd6 12. exd6 Qc6 13. Qg4 g6 14. O-O Qxd6
15. Bf4 Qd5 16. Rfd1 Qf5 17. Qg3 Nf6 18. Be5 Ne4 19. Qf4 f6 20. Qxf5 gxf5 21.
Bd6 Rg8 22. f3 Ng5 23. Re1 Nxf3+ 24. Kf2 Nxe1 25. Rxe1 b6 26. Nd4 Bb7 27. g3 Kf7
28. Bc7 b5 29. Bd6 Rac8 30. Re2 h5 31. h4 Rc4 32. Rd2 Rg4 33. c3 Be4 34. Nc2
Bxc2 35. Rxc2 e5 36. b3 Rc6 {White resigns} 0-1

[Event "Team 45 45 League T35"]
[Site "Internet Chess Club"]
[Date "2007.10.27"]
[Round "2"]
[White "malihini"]
[Black "rkaebi"]
[Result "0-1"]
[WhiteElo "1340"]
[BlackElo "1411"]
[Opening "Pirc: Holmov system"]
[ECO "B07"]
[Time "15:08:31"]
[TimeControl "2700+45"]

1. e4 d6 2. d4 Nf6 3. Nc3 g6 4. Bc4 Bg7 5. Nf3 O-O 6. Be3 c6 7. Qd2 Nbd7 8. h3
b5 9. Bb3 a5 10. a3 Bb7 11. Bh6 b4 12. Bxg7 Kxg7 13. Ne2 Nxe4 14. Qf4 d5 15. h4
Ndf6 16. Ng5 Nh5 17. Qf3 Nhf6 18. O-O-O bxa3 19. bxa3 a4 20. Ba2 Rb8 21. h5 Nxg5
22. Qg3 Nge4 23. Qf4 Nxh5 24. Rxh5 gxh5 25. Rh1 Qd6 26. Qf5 Qxa3+ 27. Kd1 Bc8
28. Qxh5 Nxf2+ {White resigns} 0-1

[Event "Team 45 45 League T35"]
[Site "Internet Chess Club"]
[Date "2007.10.28"]
[Round "2"]
[White "smsxman"]
[Black "Chessadelic"]
[Result "1-0"]
[WhiteElo "1530"]
[BlackElo "1590"]
[Opening "Sicilian: Smith-Morra gambit"]
[ECO "B21"]
[Time "10:03:06"]
[TimeControl "2700+45"]

1. e4 c5 2. d4 e6 3. Nc3 cxd4 4. Qxd4 Nc6 5. Qd1 Nf6 6. Bd3 d6 7. Bg5 Be7 8. Nf3
O-O 9. O-O Re8 10. Re1 h6 11. Bxf6 Bxf6 12. Qe2 e5 13. a3 Bg4 14. h3 Be6 15.
Rad1 a6 16. b4 b5 17. Nd5 Bxd5 18. exd5 Ne7 19. Be4 Rc8 20. Bd3 Nxd5 21. Qe4 Nc3
22. Qh7+ Kf8 23. Bf5 Rc7 24. Rd3 d5 25. Rd4 e4 26. Rd2 exf3 27. Qh8# {Black
checkmated} 1-0

[Event "Team 45 45 League T35"]
[Site "Internet Chess Club"]
[Date "2007.10.24"]
[Round "2"]
[White "tryanything"]
[Black "Mutaant"]
[Result "1-0"]
[WhiteElo "1653"]
[BlackElo "1446"]
[Opening "Evans gambit: 5...Be7"]
[ECO "C51"]
[Time "17:39:17"]
[TimeControl "2700+45"]

1. e4 e5 2. Nf3 Nc6 3. Bc4 Bc5 4. b4 Bxb4 5. c3 Be7 6. d4 exd4 7. cxd4 Bb4+ 8.
Bd2 Bxd2+ 9. Nbxd2 Qf6 10. e5 Qg6 11. O-O Nge7 12. Re1 O-O 13. Ne4 Qg4 14. h3
Qf4 15. Ng3 Nf5 16. Re4 Qh6 17. Nxf5 Qg6 18. N3h4 Qg5 19. Rg4 Qd8 20. Rxg7+ Kh8
21. Qh5 {Black resigns} 1-0

[Event "Team 45 45 League T35"]
[Site "Internet Chess Club"]
[Date "2007.10.27"]
[Round "2"]
[White "chicopee-ed"]
[Black "thalamus"]
[Result "1/2-1/2"]
[WhiteElo "1503"]
[BlackElo "1415"]
[Opening "QGD: 4.Nf3"]
[ECO "D37"]
[Time "16:14:52"]
[TimeControl "2700+45"]

1. d4 d5 2. c4 e6 3. Nc3 Nf6 4. Nf3 b6 5. Bg5 Be7 6. Bxf6 Bxf6 7. cxd5 exd5 8.
e3 O-O 9. Bd3 c5 10. O-O Nc6 11. dxc5 bxc5 12. Nxd5 Nb4 13. Nxb4 cxb4 14. Rb1
Bb7 15. Be2 Be4 16. Rc1 Bxb2 17. Rc4 Qe7 18. Qb3 Ba3 19. Rd4 Rac8 20. Rc4 Bd5
21. Rxc8 Bxb3 22. Rxf8+ Kxf8 23. axb3 Qf6 24. Nd4 Bb2 25. Rd1 a5 26. Bb5 Bxd4
27. exd4 Ke7 28. Ba4 Qf5 29. Re1+ Kd6 30. Rc1 Qd3 31. Re1 Qxd4 32. Rc1 Qb2 33.
Rd1+ Ke7 34. Re1+ Kf6 35. Rd1 Qe2 36. Rc1 Qe5 37. Rd1 h6 38. Rc1 Kg6 39. Rd1 f5
40. Rc1 Kg5 41. Rd1 Qe2 42. Rc1 g6 43. Rf1 Kg4 44. Rc1 Qe7 45. Rd1 Qc5 46. Re1
h5 47. Rd1 Kg5 48. Re1 f4 49. g3 fxg3 50. hxg3 Qd4 51. Rc1 Qb6 52. Rc4 Qf6 53.
Rc5+ Kh6 54. Rxa5 Qd4 55. Rb5 Qe4 {Game drawn by mutual agreement} 1/2-1/2